 Dungeon Crawl Stone Soup version 0.31.0-11-ge490571c62 (webtiles) character file.

Game seed: 5484610372769501228

44 qw the Shooter (level 3, 0/20 HPs)
             Began as a Deep Elf Hunter on Feb 5, 2024.
             Succumbed to their own poison gas
             ... on level 1 of the Dungeon.
             The game lasted 00:00:25 (831 turns).

qw the Shooter (Deep Elf Hunter)                     Turns: 831, Time: 00:00:25

Health: 0/20       AC:  3    Str: 10    XL:     3   Next: 39%
Magic:  5/5        EV: 12    Int: 13    God:
Gold:   44         SH:  0    Dex: 18    Spells: 2/2 levels left

rFire   . . .        a - +0 shortbow
rCold   . . .        (shield currently unavailable)
rNeg    . . .        c - +0 leather armour
rPois   .            (no helmet)
rElec   .            (no cloak)
rCorr   .            (no gloves)
SInv    .            (no boots)
Will    .....        (no amulet)
Stlth   ++           (no ring)
HPRegen 0.23/turn    (no ring)
MPRegen 0.09/turn

%: no passive effects
@: lethally poisoned (0 -> -4)
A: no striking features
a: no special abilities


You were on level 1 of the Dungeon.
You visited 1 branch of the dungeon, and saw 1 of its levels.

You collected 44 gold pieces.


   Skills:
 - Level 1.5 Fighting
 + Level 7.0 Ranged Weapons
 - Level 2.4 Dodging
 - Level 1.2 Stealth


You had 2 spell levels left.
You didn't know any spells.
Your spell library was empty.

Inventory:

Hand Weapons
 a - a +0 shortbow (weapon)
Armour
 c - a +0 leather armour (worn)
Potions
 e - a potion of curing {unknown}

Dungeon Overview and Level Annotations

Branches:
Dungeon (1/15)

Altars:

Shops:
D:1 ?


Message History

It was a scroll of vulnerability.
You start waiting.
You feel your willpower return.
Done waiting.
Done exploring.
823 ||| READING scroll labelled APIRRU BUOC.
The air fills with toxic fumes!
As you read the scroll labelled APIRRU BUOC, it crumbles to dust.
It was a scroll of poison.
Done exploring.
824 ||| DROPPING scroll of butterflies.
You drop a scroll of butterflies.
Done exploring.
825 ||| DROPPING 2 scrolls of vulnerability.
You drop 2 scrolls of vulnerability.
Done exploring.
What level of the Dungeon? (default 1, ? - help) Sorry, I don't know how to get there.
Enter note:
Enter note:
Enter note:
Enter note:
Enter note:
Enter note:
Enter note:
Enter note:
Enter note: You are engulfed in poison gas.
You are poisoned.
You feel very sick.
827 ||| Stepping ~*~*~tactically~*~*~ (cloud).
You feel very sick.
Things that are here:
2 scrolls of vulnerability; a scroll of butterflies
There is a lethal amount of poison in your body!
You feel sick.
There is a lethal amount of poison in your body!
You feel sick.
There is a lethal amount of poison in your body!
You feel sick.
There is a lethal amount of poison in your body!
You die...

#.#####.#.###.# #.# #..
#......###.##0# #.# #..
#######.#..(¤¤# #.#
#######.. #.....¤¤# #.#
#........ #.##.##¤####.#
#.####...
#.##..¤¤¤....###.##.....
#.#####¤#######.........
#.#####¤# ##..#.##..#
#00¤0¤¤@# #.........#
######### #.#####....
#.# #.... #.# #.##.
#####.# #....
#.....#####....
#.###..........
#.####.........
#.##...........


There were no monsters in sight!

Vanquished Creatures
  2 ball pythons (D:1)
  4 endoplasms (D:1)
  3 giant cockroaches (D:1)
  2 goblins (D:1)
  5 hobgoblins (D:1)
  10 jackals (D:1)
  2 quokkas (D:1)
  2 bats (D:1)
  3 kobolds (D:1)
  2 rats (D:1)
35 creatures vanquished.

Notes
Turn   | Place    | Note
-------+----------+-------------------------------------------
     0 | D:1      | qw the Deep Elf Hunter began the quest for the Orb.
     0 | D:1      | Reached XP level 1. HP: 12/12 MP: 3/3
     0 | D:1      | 0 ||| qw: Version: 0.3-a-160-g6735b56
     0 | D:1      | 0 ||| qw: Game counter: 6333
     0 | D:1      | 0 ||| qw: Melee chars always use a shield: true
     0 | D:1      | 0 ||| qw: God list: Okawaru
     0 | D:1      | 0 ||| qw: Allow faded altars: false
     0 | D:1      | 0 ||| qw: Do Orc after clearing Dungeon:15 true
     0 | D:1      | 0 ||| qw: Do second Lair branch before Depths: true
     0 | D:1      | 0 ||| qw: Lair rune preference: random
     0 | D:1      | 0 ||| qw: Goals: Normal
     0 | D:1      | 0 ||| PLANNING D:1-11
    77 | D:1      | Reached XP level 2. HP: 11/16 MP: 4/4
    78 | D:1      | Reached skill level 6 in Ranged Weapons
   313 | D:1      | Found Fiqoub's Magic Scroll Shop.
   317 | D:1      | 317 ||| SHOPLISTING 3 scrolls of identify (66 gold, have
                  | 11).
   317 | D:1      | 317 ||| SHOPLISTING scroll of identify (22 gold, have 11).
   317 | D:1      | 317 ||| SHOPLISTING scroll of teleportation (33 gold, have
                  | 11).
   357 | D:1      | 357 ||| RETREEEEATING.
   369 | D:1      | Reached XP level 3. HP: 17/20 MP: 5/5
   600 | D:1      | Reached skill level 7 in Ranged Weapons
   722 | D:1      | 722 ||| READING 3 scrolls labelled WINGIU AXYGAJU.
   823 | D:1      | 823 ||| READING scroll labelled APIRRU BUOC.
   824 | D:1      | 824 ||| DROPPING scroll of butterflies.
   825 | D:1      | 825 ||| DROPPING 2 scrolls of vulnerability.
   827 | D:1      | 827 ||| Stepping ~*~*~tactically~*~*~ (cloud).
   827 | D:1      | HP: 5/20 [poisoned by you (poison gas)]
   829 | D:1      | HP: 1/20 [poisoned by you (poison gas)]
   831 | D:1      | Succumbed to their own poison gas

Levels and vault maps discovered:
D:1:      co_arrival_hexagon_in_a_hexagon, layout_loops_cross, serial_shops,
          shop

Skill      XL: |  1  2  3 |
---------------+----------+-----
Ranged Weapons | 6 7 |  7.0
Fighting       | |  1.5
Dodging        | |  2.4
Stealth        | |  1.2

Action                     || total
---------------------------++-------
   Fire: Shortbow          ||   107
    Use: Scroll            ||     2
 Armour: Leather armour    ||    26
  Dodge: Dodged            ||    38

Table legend:
 A = Non-vault XP
 B = Vault XP
 C = Vault XP percentage of total XP
 D = Non-vault monster count
 E = Vault monster count
 F = Vault count percentage of total count
                 A         B        C        D         E       F
            +---------+---------+-------+---------+---------+-------
      Total |      63 |       0 |   0.0 |      35 |       0 |   0.0
            +---------+---------+-------+---------+---------+-------
        D:1 |      63 |       0 |   0.0 |      35 |       0 |   0.0
            +---------+---------+-------+---------+---------+-------
